 Dungeon Crawl Stone Soup version 0.23.2-1-ga50397a (webtiles) character file.

Game seed: 1793985382375495741

2930 ohad the Carver (level 10, -6/70 HPs)
             Began as a Formicid Fighter on May 21, 2019.
             Mangled by a two-headed ogre
             ... wielding a +1 dire flail of holy wrath
              (16 damage)
             ... on level 7 of the Dungeon.
             The game lasted 00:14:45 (6822 turns).

ohad the Carver (Formicid Fighter)                  Turns: 6822, Time: 00:14:46

Health: -6/70      AC: 12    Str: 21    XL:     10   Next: 7%
Magic:  10/10      EV:  9    Int:  9    God:
Gold:   253        SH: 13    Dex: 12    Spells: 9/9 levels left

rFire    . . .     SeeInvis +   a - +1 long sword
rCold    . . .     Gourm    .   c - +1 shield
rNeg     . . .     Faith    .   b - +0 scale mail
rPois    +         Spirit   .   (helmet unavailable)
rElec    .         Reflect  .   K - +0 cloak {rPois}
rCorr    .         Harm     .   B - +2 pair of gloves
MR       +....                  g - +0 pair of boots
Stlth    ..........             O - amulet of regeneration
HPRegen  0.61/turn              x - ring of wizardry
MPRegen  0.12/turn              (no ring)

@: no status effects
A: permanent stasis, dig shafts and tunnels, four strong arms, antennae 3
a: Dig, Shaft Self


You were on level 7 of the Dungeon.
You were not hungry.

You visited 1 branch of the dungeon, and saw 7 of its levels.

You collected 253 gold pieces.

Inventory:

Hand Weapons
 a - a +1 long sword (weapon)
 i - a +1 whip of flaming
 l - a +0 blowgun
 y - a +0 short sword of distortion
 H - a +0 morningstar
 J - a +3 quarterstaff of chaos
 P - the +5 dagger "Yrghipt" {drain, +Rage rC- MR+++ Dex-3 SInv, unknown}
   (You found it on level 6 of the Dungeon)

   A truly terrible weapon, it drains the life of those it strikes.
   It affects your dexterity (-3).
   It makes you vulnerable to cold.
   It affects your resistance to hostile enchantments.
   It lets you see invisible.
   It lets you go berserk.
Missiles
 q - 2 throwing nets (quivered)
 r - 30 poisoned needles
 A - 3 tomahawks
 D - 36 bolts
Armour
 b - a +0 scale mail (worn)
 c - a +1 shield (worn)
 g - a +0 pair of boots (worn)
 B - a +2 pair of gloves (worn)
 K - a +0 cloak of poison resistance (worn)
 L - a cursed +0 chain mail
Magical Staves
 F - an uncursed staff of death
Jewellery
 d - an uncursed ring of stealth {unknown}
 x - a ring of wizardry (left hand)
 O - an amulet of regeneration (around neck)
Wands
 k - a wand of acid (3)
 G - a wand of flame (19)
 I - a wand of paralysis (5)
Scrolls
 h - a scroll of immolation
 j - a scroll of enchant weapon
 p - 3 scrolls of enchant armour
 s - 4 scrolls of teleportation {unknown}
 u - a scroll of amnesia {unknown}
 z - 2 scrolls of fog {unknown}
 E - 2 scrolls of remove curse
Potions
 e - 2 potions of lignification
 m - a potion of berserk rage
 n - 4 potions of flight
 o - a potion of mutation
 t - a potion of degeneration
 v - 2 potions of curing
 w - 2 potions of haste
 C - a potion of resistance
Comestibles
 f - 19 rations


   Skills:
 + Level 3.6 Fighting
 - Level 11.0 Long Blades
 + Level 3.3 Armour
 + Level 9.5 Shields


You had 9 spell levels left.
You didn't know any spells.
Your spell library contained the following spells:

 Spells                   Type           Power        Failure   Level  Hunger
 Corona                   Hex            #......      38%         1    ##.....
 Infusion                 Chrm           #...         38%         1    ##.....
 Ensorcelled Hibernation  Hex/Ice        #.....       52%         2    ###....
 Shroud of Golubria       Chrm/Tloc      #.........   52%         2    ###....
 Song of Slaying          Chrm           #.......     52%         2    ###....
 Confuse                  Hex            #.......     75%         3    ####...
 Dazzling Spray           Conj/Hex       #.....       75%         3    ####...
 Regeneration             Chrm/Necr      #.........   75%         3    ####...
 Spectral Weapon          Hex/Chrm       #.......     75%         3    ####...
 Tukima's Dance           Hex            #.......     75%         3    ####...


Dungeon Overview and Level Annotations

Branches:
Dungeon (7/15)
 Temple: D:4-7

Altars:
Cheibriados
Elyvilon
Fedhas
Ru
Yredelemnul
The Shining One

Shops:
D:6 [

Annotations:
D:6 2 transporters, shugdite's ghost, novice KoBe


Innate Abilities, Weirdness & Mutations

You cannot be hasted, slowed, berserked, paralysed or teleported.
You can dig through walls and to a lower floor.
Your four strong arms can wield two-handed weapons with a shield.
You have a pair of large antennae on your head. (SInv)


Message History

* * * LOW HITPOINT WARNING * * *
The two-headed ogre hits you with a +0 giant spiked club!!
* * * LOW HITPOINT WARNING * * *
You slash the two-headed ogre!
The two-headed ogre is severely wounded.
The two-headed ogre hits you but does no damage.
The two-headed ogre barely misses you.
Unknown command.
Okay, then.
You feel better. The two-headed ogre barely misses you.
You riposte.
You slash the two-headed ogre!
The two-headed ogre is almost dead.
You block the two-headed ogre's attack.
You barely miss the two-headed ogre.
The two-headed ogre is almost dead.
You hit the two-headed ogre but do no damage.
The two-headed ogre is almost dead.
The two-headed ogre hits you but does no damage.
The two-headed ogre hits you with a +0 giant spiked club!
You die...

... { ....
...5####+#####
.............#
........@....#
.......O.....#
............?#
.............#
......>......#
..#####......#
#......#
#?.....#
#......#


You could see a two-headed ogre and a crimson imp.

Vanquished Creatures
  Pikel (D:4)
  An ugly thing (D:6)
  A gargoyle (D:6)
  Menkaure (D:4)
  Edmund (D:5)
  A slave (D:4)
  A phantom (D:6)
  2 ogres
  A centaur (D:4)
  A bullfrog (D:5)
  Blork the orc (D:5)
  4 scorpions
  A howler monkey (D:4)
  A centaur zombie (D:4)
  A crimson imp (D:5)
  3 jellies
  2 hounds
  Crazy Yiuf (D:4)
  A gnoll shaman (D:4)
  3 orc wizards (D:3)
  3 iguanas (D:4)
  2 worker ants
  A howler monkey skeleton (D:6)
  Robin (D:4)
  9 adders
  11 gnolls
  An ooze (D:3)
  An adder skeleton (D:4)
  3 worms
  4 dart slugs
  6 leopard geckos
  12 orcs
  8 giant cockroaches
  16 goblins
  9 hobgoblins
  9 jackals
  7 kobolds
  2 quokkas
  A ball python (D:5)
  6 bats
  A frilled lizard (D:2)
  8 rats
  A fungus (D:4)
151 creatures vanquished.

Vanquished Creatures (others)
  An orc (D:4)
1 creature vanquished.

Grand Total: 152 creatures vanquished

Notes
Turn   | Place    | Note
-------+----------+-------------------------------------------
     0 | D:1      | ohad the Formicid Fighter began the quest for the Orb.
     0 | D:1      | Reached XP level 1. HP: 18/18 MP: 1/1
    74 | D:1      | Reached XP level 2. HP: 24/24 MP: 2/2
   366 | D:1      | Reached skill level 3 in Long Blades
   443 | D:1      | Reached XP level 3. HP: 23/29 MP: 3/3
  1178 | D:2      | Reached skill level 4 in Long Blades
  1178 | D:2      | Reached XP level 4. HP: 32/35 MP: 4/4
  1288 | D:2      | Found a snail-covered altar of Cheibriados.
  1407 | D:2      | Found a glowing golden altar of the Shining One.
  1824 | D:3      | Reached skill level 5 in Long Blades
  1824 | D:3      | Reached XP level 5. HP: 27/41 MP: 5/5
  2295 | D:3      | Found a basalt altar of Yredelemnul.
  2388 | D:3      | Reached XP level 6. HP: 14/47 MP: 6/6
  2976 | D:3      | Found a white marble altar of Elyvilon.
  3265 | D:4      | Reached skill level 6 in Long Blades
  3375 | D:4      | Reached XP level 7. HP: 36/52 MP: 7/7
  3386 | D:4      | Reached skill level 7 in Long Blades
  3610 | D:4      | Found a blossoming altar of Fedhas.
  4294 | D:4      | Noticed Menkaure
  4316 | D:4      | Killed Menkaure
  4316 | D:4      | Reached skill level 8 in Long Blades
  4489 | D:4      | Reached XP level 8. HP: 54/58 MP: 8/8
  4590 | D:4      | Noticed Pikel
  4594 | D:4      | Reached skill level 9 in Long Blades
  4604 | D:4      | Killed Pikel
  4604 | D:4      | Reached skill level 10 in Long Blades
  4606 | D:4      | Found a sacrificial altar of Ru.
  4739 | D:4      | Noticed Robin
  4769 | D:4      | Killed Robin
  4773 | D:4      | Reached XP level 9. HP: 64/64 MP: 9/9
  4859 | D:4      | Found a runed translucent door.
  4860 | D:4      | Noticed Crazy Yiuf
  4870 | D:4      | Killed Crazy Yiuf
  5131 | D:5      | Entered Level 5 of the Dungeon
  5209 | D:5      | Noticed Edmund
  5229 | D:5      | Killed Edmund
  5422 | D:5      | Reached skill level 11 in Long Blades
  5650 | D:5      | Noticed Blork the orc
  5662 | D:5      | Killed Blork the orc
  5758 | D:5      | Reached skill level 5 in Shields
  6161 | D:6      | Found a transporter.
  6240 | D:6      | Got a bone dagger
  6310 | D:6      | Noticed a gargoyle
  6319 | D:6      | Killed a gargoyle
  6326 | D:6      | Noticed a brown ugly thing
  6334 | D:6      | Killed a brown ugly thing
  6334 | D:6      | Reached XP level 10. HP: 53/70 MP: 10/10
  6445 | D:6      | Found a glowing golden altar of the Shining One.
  6576 | D:6      | Found Gomoekuesih's Armour Emporium.
  6654 | D:6      | Noticed shugdite's ghost (novice KoBe)
  6659 | D:6      | Found a transporter.
  6806 | D:7      | Noticed a two-headed ogre
  6818 | D:7      | HP: 1/70 [two-headed ogre/+1 dire flail of holy wrath (18)]
  6822 | D:7      | Mangled by a two-headed ogre

Skill      XL: |  1  2  3  4  5  6  7  8  9 |
---------------+----------------------------+-----
Long Blades    | 3 4 5 6 8 10 11 | 11.0
Shields        | 9 |  9.5
Fighting       | |  3.6
Armour         | |  3.3

Action                   |  1- 3 |  4- 6 |  7- 9 | 10-12 || total
-------------------------+-------+-------+-------+-------++-------
Melee: Long sword        |   104 |   217 |   328 |    40 ||   689
 Abil: Dig               |     1 |     1 |     4 |       ||     6
  Use: Scroll            |       |     5 |     9 |       ||    14
       Potion            |       |       |     3 |     1 ||     4
 Stab: Invisible         |       |       |     2 |       ||     2
  Eat: Chunk             |     1 |     7 |    11 |     1 ||    20
Armor: Scale mail        |    59 |    83 |   119 |     9 ||   270
Dodge: Dodged            |    29 |    54 |    80 |     9 ||   172
Block: Shield            |    61 |    94 |   142 |    18 ||   315
       Rpst.: Long sword |    15 |    14 |    33 |     3 ||    65
